AoeStats
← Infadel

Arabia

509739284Analyzed
1v1 RM · 4d ago on Sep 27, 2026· 50m 35s· 2 players
Game mode
Random Map
Map size
Tiny (2 player)
Population
200
Speed
Normal
Resources
Standard
Victory
Conquest
Starting age
Dark Age
Ending age
Imperial Age
RankedLock teamsTeams togetherTeam positionsShared explorationLock speedFull tech treeHidden civsTurbo modeCheats
Victory
Defeat
🇮🇳 Saracens · India
1088
+17
🇺🇸 Saxons · United States
1114
-17
Infadel
7:25 Loom
10:11 Feudal Age
13:35 Double-Bit Axe
23:23 Castle Age
21:59 Forging
21:49 Scale Mail Armor
21:12 Man-at-Arms
21:53 Gold Mining
22:46 Horse Collar
24:19 Bow Saw
24:05 Long Swordsman
29:10 Iron Casting
28:47 Stone Mining
30:43 Town Watch
31:25 Fletching
32:55 Scale Barding Armor
34:32 Wheelbarrow
37:00 Chain Barding Armor
36:35 Bodkin Arrow
36:50 Padded Archer Armor
38:21 Hand Cart
38:38 Bimaristan
38:43 Gambesons
42:56 Imperial Age
42:22 Husbandry
42:33 Bloodlines
43:16 Leather Archer Armor
43:42 Elite Mameluke
44:43 Conscription
43:46 Two-Handed Swordsman
46:05 Plate Barding Armor
46:31 Blast Furnace
45:58 Bracer
48:23 Ballistics
48:35 Light Cavalry
NUBSINC
5:40 Loom
8:55 Feudal Age
8:59 Man-at-Arms
10:52 Double-Bit Axe
17:36 Horse Collar
19:18 Wheelbarrow
21:55 Castle Age
20:06 Scale Mail Armor
22:48 Squires
23:47 Forging
25:18 Town Watch
26:43 Chain Mail Armor
28:09 Bow Saw
29:54 Iron Casting
31:57 Stone Mining
34:59 Imperial Age
35:02 Fletching
37:06 Bodkin Arrow
36:38 Cranequins
38:26 Padded Archer Armor
38:45 Bracer
40:03 Ballistics
40:46 Chemistry
42:42 Husbandry
43:56 Gold Mining
44:50 Bloodlines
45:33 Leather Archer Armor
48:57 Thumb Ring
49:29 Hand Cart
Connection lost

Rejoining the realm…

Still unreachable

The connection could not be restored.

Session expired

The server has moved on; the page needs a fresh start.